 Dungeon Crawl Stone Soup version 0.31-a0-321-g19405a7a6a (webtiles) character file.

Game seed: 3862034274533904561

10762 HallandMoats the Fighter (level 11, -1/104 HPs)
             Began as a Minotaur Fighter on July 17, 2023.
             Was a High Priest of Okawaru.
             Killed by divine providence
             ... invoked by a smoke demon
              (11 damage)
             ... on level 3 of the Abyss.
             The game lasted 00:21:16 (10482 turns).

HallandMoats the Fighter (Minotaur Fighter)        Turns: 10482, Time: 00:21:17

Health: -1/104     AC: 22    Str: 27    XL:     11   Next: 40%
Magic:  0/19       EV: 13    Int:  4    God:    Okawaru [*****.]
Gold:   712        SH:  7    Dex: 14    Spells: 10/10 levels left

rFire   + + +        a - +4 hand axe (drain)
rCold   x . .        c - +0 buckler
rNeg    + . .        i - +1 plate armour {rPois}
rPois   +            b - +0 hat "Urit" {rCorr Str+6}
rElec   .            F - +0 cloak
rCorr   +            t - +0 pair of gloves
SInv    +            I - +0 pair of boots of the Trombone {rF++ rC-}
Will    .....        h - amulet of guardian spirit Stlth
                     e - ring "Plog" {rF+ rN+ MP+9 Int+3 SInv}
HPRegen 0.37/turn    (no ring)
MPRegen 0.16/turn

%: guardian spirit
@: on fire, heroic, hasted, glowing, very quick
A: horns 2, retaliatory headbutt, [dopey 2]
a: Renounce Religion, Heroism, Finesse, Duel


You were on level 3 of the Abyss.
You worshipped Okawaru.
Okawaru was extremely pleased with you.
You visited 2 branches of the dungeon, and saw 12 of its levels.
You visited the Abyss 1 time.

You collected 712 gold pieces.

Inventory:

Hand Weapons
 a - a +4 hand axe of draining (weapon)
Armour
 b - the +0 hat "Urit" (worn) {rCorr Str+6}
   (You acquired it on level 10 of the Dungeon)

   Str:       It affects your strength (+6).
   rCorr:     It protects you from acid and corrosion.
 c - a +0 buckler (worn)
 i - a +1 plate armour of poison resistance (worn)
 t - a +0 pair of gloves (worn)
 v - a +1 ring mail of fire resistance
 F - a +0 cloak (worn)
 I - the +0 pair of boots of the Trombone (worn) {rF++ rC-}
   (Okawaru gifted it to you on level 10 of the Dungeon)

   rF:        It greatly protects you from fire.
   rC:        It makes you vulnerable to cold.
 J - the +0 ring mail of Curiosity {rElec rC- Will++ Int+3}
   (You found it on level 10 of the Dungeon)

   Int:       It affects your intelligence (+3).
   rC:        It makes you vulnerable to cold.
   rElec:     It insulates you from electricity.
   Will:      It greatly increases your willpower.
Jewellery
 e - the ring "Plog" (left hand) {rF+ rN+ MP+9 Int+3 SInv}
   (You acquired it on level 10 of the Dungeon)

   [ring of see invisible]

   Int:       It affects your intelligence (+3).
   rF:        It protects you from fire.
   rN:        It protects you from negative energy.
   MP:        It affects your magic capacity (+9).
   SInv:      It lets you see invisible.
 h - an amulet of guardian spirit (around neck)
 p - an amulet of regeneration
Wands
 x - a wand of polymorph (12)
 B - a wand of iceblast (8)
 D - a wand of paralysis (17)
 E - a wand of mindburst (28)
Scrolls
 f - a scroll of teleportation
 g - a scroll of revelation
 j - a scroll of enchant armour
 o - a scroll of identify
 q - a scroll of fog {unknown}
 r - a scroll of torment {unknown}
 w - a scroll of immolation
 y - a scroll of enchant weapon {unknown}
 C - a scroll of butterflies {unknown}
 G - a scroll of blinking {unknown}
 H - a scroll of vulnerability {unknown}
Potions
 d - 5 potions of might
 k - a potion of attraction
 l - 2 potions of haste
 m - 2 potions of magic
 n - 6 potions of curing
 s - 3 potions of resistance
 u - a potion of brilliance
 z - a potion of cancellation
 A - a potion of mutation {unknown}
 K - a potion of degeneration {unknown}


   Skills:
 * Level 12.0(17.0) Fighting
 * Level 11.7(16.7) Axes
 + Level 9.2(14.2) Armour
 + Level 7.6(12.6) Dodging
 + Level 8.9(13.9) Shields


You had 10 spell levels left.
You didn't know any spells.
Your spell library contained the following spells:

 Spells                   Type           Power      Damage    Failure   Level
 Apportation              Tloc           0%         N/A       99%         1
 Magic Dart               Conj           0%         1d3       99%         1
 Necrotise                Necr           0%         1d4       99%         1
 Blink                    Tloc           0%         N/A       99%         2
 Cigotuvi's Dreadful Rot  Necr/Pois/Air  0%         N/A       99%         2
 Lesser Beckoning         Tloc           0%         N/A       99%         2
 Momentum Strike          Conj/Tloc      0%         3d8       99%         2
 Poisonous Vapours        Pois/Air       0%         N/A       99%         2
 Scorch                   Fire           0%         2d5       99%         2
 Gell's Gravitas          Tloc           0%         N/A       100%        3
 Mephitic Cloud           Conj/Pois/Air  0%         N/A       100%        3
 Portal Projectile        Hex/Tloc       0%         N/A       100%        3
 Teleport Other           Tloc           0%         N/A       100%        3
 Dispel Undead            Necr           0%         3d6       100%        4
 Flame Wave               Conj/Fire      0%         2d4       100%        4
 Leda's Liquefaction      Hex/Erth       0%         N/A       100%        4
 Passage of Golubria      Tloc           0%         N/A       100%        4
 Freezing Cloud           Conj/Ice/Air   0%         6-21      100%        5
 Silence                  Hex/Air        0%         N/A       100%        5
 Dispersal                Tloc           0%         N/A       100%        6
 Orb of Destruction       Conj           0%         9d5       100%        7
 Lehudib's Crystal Spear  Conj/Erth      0%         10d2      100%        8
 Summon Small Mammal      Summ           Unusable   N/A       N/A         1
 Call Imp                 Summ           Unusable   N/A       N/A         2
 Call Canine Familiar     Summ           Unusable   N/A       N/A         3
 Summon Guardian Golem    Hex/Summ       Unusable   N/A       N/A         3
 Death Channel            Necr           Unusable   N/A       N/A         6
 Summon Cactus Giant      Summ           Unusable   N/A       N/A         6
 Spellforged Servitor     Conj/Summ      Unusable   N/A       N/A         7

Dungeon Overview and Level Annotations

Branches:
Dungeon (11/15)            Temple (1/1) D:4            Lair (0/5) D:10
    Orc (0/2) D:10

Altars:
Ashenzari
Cheibriados
Dithmenos
Elyvilon
Fedhas
Gozag
Hepliaklqana
Kikubaaqudgha
Makhleb
Nemelex Xobeh
Okawaru
Qazlal
Ru
Sif Muna
Trog
Uskayaw
Vehumet
Wu Jian
Xom
Yredelemnul
Zin
The Shining One

Shops:
D:9 *


Innate Abilities, Weirdness & Mutations

You have a pair of horns on your head.
You reflexively headbutt those who attack you in melee.
[You are very dopey. (Int -4)]


Message History

The wretched star glows turbulently.
The lance of force hits you!
* * * LOW HITPOINT WARNING * * *
You are knocked back by the lance of force.
You slam into the stone wall!
You closely miss the wretched star. You headbutt the wretched star.
The wretched star is heavily damaged.
You hit the smoke demon. The smoke demon gestures at you.
The ball of steam hits you. You resist.
* * * LOW HITPOINT WARNING * * *
You hit the wretched star.
The wretched star is heavily damaged.
You slash the smoke demon! You closely miss the wretched star.
The wretched star is heavily damaged.
You hit the smoke demon but do no damage.
The smoke demon hits you but does no damage. x2
You block the smoke demon's attack.
Unknown command.
You barely miss the wretched star.
The wretched star is heavily damaged.
You hit the smoke demon.
You hit the wretched star but do no damage.
The wretched star is heavily damaged.
You barely miss the smoke demon. The smoke demon gestures at you.
The sticky flame hits you but does no damage.
You are covered in liquid flames!
You hit the wretched star but do no damage.
The wretched star is heavily damaged.
You closely miss the smoke demon.
You are covered in liquid flames!
You hit the wretched star.
The wretched star is heavily damaged.
You barely miss the smoke demon.
You are covered in liquid flames!
The smoke demon gestures at you. Something smites you!
You die...

. .#.. #. #
...### . #.
.##.#.. . . #
###.# ...#
..## #.#..
#.## .. #...#.
###..## . #
..# .
#..§3.##..# #
#.........
#@#..# # . ..
......
#.*.§..# # #
...#.
.......#.#...#
#..#. ..
..§§##..###. #
.# ####
.#...§.#...#.#
. .....
##..§#§##.. .#
.._..#... .#..
.. #.
..#.........
.#.... . ...
.. ...#. .


You could see a wretched star and a smoke demon.

Vanquished Creatures
  Josephine (D:11)
  2 two-headed ogres
  A shining eye (Abyss:3)
  Psyche (D:11)
  A gargoyle (D:11)
  A komodo dragon (D:10)
  A kobold demonologist (D:10)
  An unseen horror (Abyss:2)
  A troll (D:10)
  13 yaks
  A wyvern (D:10)
  4 wraiths
  3 water moccasins
  6 orc warriors
  An ice beast (D:7)
  2 sky beasts (D:8)
  4 black bears
  4 centaurs
  A phantom (D:4)
  4 kobold brigands
  3 bullfrogs
  3 scorpions
  7 wights
  A howler monkey (D:6)
  3 jellies
  10 orc priests
  3 hounds
  2 sleepcaps
  5 iguanas
  21 orc wizards
  A hound skeleton (D:3)
  8 gnolls
  5 adders
  2 white imps
  An adder zombie (D:3)
  An adder skeleton (D:3)
  A worm (D:4)
  37 orcs
  9 endoplasms
  9 goblins
  7 hobgoblins
  34 kobolds
  8 quokkas
  6 ball pythons
  9 bats
  2 frilled lizards
  A jackal skeleton (D:3)
  A quokka skeleton (D:3)
  6 rats
259 creatures vanquished.

Vanquished Creatures (others)
  An orc wizard (D:9)
1 creature vanquished.

Grand Total: 260 creatures vanquished

Notes
Turn   | Place    | Note
-------+----------+-------------------------------------------
     0 | D:1      | HallandMoats the Minotaur Fighter began the quest for the
                  | Orb.
     0 | D:1      | Reached XP level 1. HP: 19/19 MP: 0/0
   170 | D:1      | HP: 1/20 [poisoned by a kobold]
   343 | D:1      | Reached XP level 2. HP: 27/27 MP: 1/1
   477 | D:1      | Found a faded altar of an unknown god.
   485 | D:1      | Reached skill level 4 in Fighting
   886 | D:2      | Reached XP level 3. HP: 28/33 MP: 2/2
  1184 | D:2      | Reached skill level 1 in Dodging
  1395 | D:3      | Reached XP level 4. HP: 33/41 MP: 1/3
  1642 | D:3      | Found a white marble altar of Elyvilon.
  1644 | D:3      | Found an iron altar of Okawaru.
  1725 | D:3      | Reached XP level 5. HP: 32/47 MP: 4/4
  2024 | D:4      | Noticed a phantom
  2040 | D:4      | Killed a phantom
  2041 | D:4      | Reached skill level 5 in Fighting
  2137 | D:4      | Found a staircase to the Ecumenical Temple.
  2156 | Temple   | Entered the Ecumenical Temple
  2778 | D:3      | Became a worshipper of Warmaster Okawaru
  2955 | D:5      | Entered Level 5 of the Dungeon
  2963 | D:5      | Reached XP level 6. HP: 56/56 MP: 5/5
  3379 | D:5      | Reached skill level 5 in Axes
  3604 | D:5      | Reached skill level 6 in Fighting
  3604 | D:5      | Reached XP level 7. HP: 44/63 MP: 3/6
  3610 | D:5      | Reached * piety under Okawaru
  3744 | D:5      | Reached skill level 5 in Armour
  3744 | D:5      | Reached skill level 5 in Shields
  4688 | D:6      | Reached skill level 7 in Fighting
  4688 | D:6      | Reached XP level 8. HP: 60/73 MP: 5/7
  4695 | D:6      | Reached ** piety under Okawaru
  4883 | D:6      | Found a sacrificial altar of Ru.
  5372 | D:7      | Reached skill level 8 in Fighting
  5723 | D:7      | Reached *** piety under Okawaru
  5724 | D:7      | Reached XP level 9. HP: 72/82 MP: 6/8
  6001 | D:7      | Reached skill level 5 in Dodging
  6421 | D:8      | Found a snail-covered altar of Cheibriados.
  6425 | D:8      | Reached skill level 9 in Fighting
  7147 | D:9      | Reached **** piety under Okawaru
  7418 | D:9      | Found Aligur's Assorted Antiques.
  7663 | D:9      | Reached XP level 10. HP: 82/93 MP: 7/9
  7819 | D:9      | Reached skill level 10 in Fighting
  8397 | D:10     | Entered Level 10 of the Dungeon
  8400 | D:10     | Identified a scroll of acquirement
  8400 | D:10     | Acquired the +0 hat "Urit" {rCorr Str+6}
  8446 | D:10     | Reached ***** piety under Okawaru
  8622 | D:10     | Reached skill level 10 in Axes
  8795 | D:10     | Acquired the ring "Plog" {rF+ rN+ MP+9 Int+3 SInv}
  8862 | D:10     | Noticed a two-headed ogre
  8873 | D:10     | Killed a two-headed ogre
  8944 | D:10     | Noticed a rust devil
  8948 | D:10     | Noticed an orange demon
  8996 | D:10     | Found a staircase to the Orcish Mines.
  9026 | D:10     | Reached skill level 11 in Fighting
  9080 | D:10     | Identified the +0 ring mail of Curiosity {rElec rC- Will++
                  | Int+3}
  9119 | D:10     | Found a shimmering blue altar of Sif Muna.
  9441 | D:10     | Found a staircase to the Lair.
  9448 | D:10     | Identified the +0 pair of boots of the Trombone {rF++ rC-}
                  | (Okawaru gifted it to you on level 10 of the Dungeon)
  9448 | D:10     | Received a gift from Okawaru
  9768 | D:11     | Noticed Josephine
  9784 | D:11     | Killed Josephine
  9785 | D:11     | Reached XP level 11. HP: 44/102 MP: 7/10
  9788 | D:11     | Noticed a two-headed ogre
  9797 | D:11     | Killed a two-headed ogre
 10259 | D:11     | Noticed Psyche
 10273 | D:11     | Killed Psyche
 10369 | D:11     | Noticed a wizard
 10373 | Abyss:2  | Cast into level 2 of the Abyss (a wizard)
 10382 | Abyss:2  | Found a corrupted altar of Lugonu.
 10399 | Abyss:2  | Reached skill level 12 in Fighting
 10408 | Abyss:3  | Found a corrupted altar of Lugonu.
 10426 | Abyss:3  | Noticed a great orb of eyes
 10447 | Abyss:3  | Noticed a shining eye
 10457 | Abyss:3  | Killed a shining eye
 10460 | Abyss:3  | Noticed a wretched star
 10482 | Abyss:3  | Killed from afar by a smoke demon

Illustrated notes

Levels and vault maps discovered:
D:1:      ncdulo_wetmaze, layout_loops_cross,
          shapermc_ecumenical_altar_mp_highgroup
D:2:      wander_river, layout_rooms, dk_vineyard_2, minmay_tetromino_i4
D:3:      layout_basic, nicolae_overflow_hidden_temple, serial_undead,
          serial_undead_e, serial_undead_e, serial_undead_f, serial_undead_d,
          grunt_ministairs_7, st_stairs_6, minmay_door_square,
          chequers_serial_rivers_small_b, kennysheep_generic_room_9
D:4:      layout_basic, minmay_temple_entry_ruins, nicolae_hexahallways
D:5:      layout_gridville
D:6:      layout_basic, nicolae_ru_the_path_less_chosen
D:7:      layout_basic
D:8:      layout_cave_pools, mainiacjoe_overflow_concentric_impassable
D:9:      layout_stronghold, serial_shops, nicolae_lakefront_shop,
          minmay_misc_feat_more_columns
D:10:     layout_basic, kennysheep_orc_sif_temple, david_lair_shrubbed,
          minmay_orc_entry_temple_small, special_room [special_room_orc]
D:11:     layout_cave_pods, lightli_wizard_tower, uniq_josephine, uniq_psyche
Temple:   minmay_crystal_spiral_temple
Abyss:3:  base: D:8, hangedman_eye_storm

Skill      XL: |  1  2  3  4  5  6  7  8  9 10 11 |
---------------+----------------------------------+-----
Fighting       | 4 5 6 7 8 9 11 12 | 12.0
Axes           | 3 4 5 6 7 9 11 | 11.7
Dodging        | 1 2 3 4 5 7 |  7.6
Shields        | 4 5 6 7 8 |  8.9
Armour         | 4 5 6 7 8 9 |  9.2

Action                     |  1- 3 |  4- 6 |  7- 9 | 10-12 || total
---------------------------+-------+-------+-------+-------++-------
  Melee: War axe           |    97 |    89 |   121 |       ||   307
         Headbutt          |    13 |    15 |    44 |    61 ||   133
         Hand axe          |       |       |   117 |   223 ||   340
         Unarmed           |       |       |       |     8 ||     8
 Invoke: Heroism           |       |       |       |     1 ||     1
    Use: Scroll            |       |       |    11 |     6 ||    17
         Potion            |       |       |       |     2 ||     2
 Armour: Scale mail        |    49 |    46 |       |       ||    95
         Ring mail         |       |    14 |   108 |    22 ||   144
         Plate armour      |       |       |       |    55 ||    55
  Dodge: Dodged            |    47 |    48 |   164 |   101 ||   360
  Block: Buckler           |    26 |    27 |    63 |    51 ||   167

Table legend: (Time is in decaauts)
 A = Elapsed time spent in this place.
 B = Non-inter-level travel time spent in this place.
 C = Inter-level travel time spent in this place.
 D = Time resting spent in this place.
 E = Time spent auto-exploring this place.
 F = Levels seen in this place.
 G = Mean time per level.
                   A        B        C        D        E       F      G
               +--------+--------+--------+--------+--------+-----+--------+
         Total |  10563 |  10486 |     77 |   1506 |   6677 |  14 |  754.5 |
       Dungeon |  10427 |  10350 |     77 |   1506 |   6677 |  11 |  947.9 |
        Temple |     35 |     35 |      0 |      0 |      0 |   1 |   35.0 |
         Abyss |    100 |    100 |      0 |      0 |      0 |   2 |   50.0 |
               +--------+--------+--------+--------+--------+-----+--------+

Top non-repeatable levels by time:
     D:9: 1459 daAuts
    D:10: 1338 daAuts
     D:4: 1264 daAuts
     D:5: 1119 daAuts
     D:6: 1049 daAuts
     D:1: 868 daAuts
     D:8: 845 daAuts
     D:3: 717 daAuts
     D:7: 654 daAuts
    D:11: 624 daAuts
     D:2: 486 daAuts
 Abyss:3: 67 daAuts
  Temple: 35 daAuts
 Abyss:2: 32 daAuts
